 Dungeon Crawl Stone Soup version 0.29.0-11-gd7f09526c8 (webtiles) character file.

Game seed: 13427599511655529007

197 Ordine the Trooper (level 5, -1/34 HPs)
             Began as a Gargoyle Fighter on Sept 6, 2022.
             Slain by Sigmund
             ... wielding a +0 scythe
              (6 damage)
             ... on level 3 of the Dungeon.
             The game lasted 00:04:06 (2586 turns).

Ordine the Trooper (Gargoyle Fighter)               Turns: 2586, Time: 00:04:07

Health: -1/34      AC: 14    Str: 22    XL:     5   Next: 75%
Magic:  0/5        EV:  9    Int:  8    God:
Gold:   166        SH:  4    Dex:  9    Spells: 4/4 levels left

rFire   . . .      SeeInvis .   a - +0 flail
rCold   . . .      Faith    .   c - +0 buckler
rNeg    + . .      Spirit   +   b - +0 scale mail
rPois   ∞          Reflect  .   (no helmet)
rElec   +          Harm     .   (no cloak)
rCorr   .          Rampage  .   (no gloves)
Will    .....                   j - +2 pair of boots
Stlth   ..........              t - amulet of guardian spirit
HPRegen 0.11/turn               (no ring)
MPRegen 0.09/turn               (no ring)

@: no status effects
A: sickness immunity, AC +4, negative energy resistance 1, electricity
resistance, torment resistance 1, petrification resistance
a: no special abilities


You were on level 3 of the Dungeon.
You visited 1 branch of the dungeon, and saw 3 of its levels.
You also visited: Sewer.

You collected 166 gold pieces.

Inventory:

Hand Weapons
 a - a +0 flail (weapon)
Armour
 b - a +0 scale mail (worn)
 c - a +0 buckler (worn)
 j - a +2 pair of boots (worn)
Jewellery
 t - an amulet of guardian spirit (around neck)
Wands
 w - a wand of roots (3)
Scrolls
 h - 2 scrolls of fog {unknown}
 i - 2 scrolls of amnesia {unknown}
 k - 2 scrolls of teleportation {unknown}
 m - a scroll of magic mapping {unknown}
 n - 2 scrolls of identify {unknown}
 q - a scroll of vulnerability {unknown}
 r - a scroll of blinking {unknown}
 u - a scroll of poison {unknown}
 x - a scroll of immolation {unknown}
 y - a scroll of enchant armour {unknown}
Potions
 e - 2 potions of curing {unknown}
 f - a potion of invisibility {unknown}
 g - a potion of mutation {unknown}
 l - a potion of lignification {unknown}
 o - a potion of heal wounds {unknown}
 p - 2 potions of attraction {unknown}
 s - a potion of resistance {unknown}
 v - 2 potions of berserk rage


   Skills:
 + Level 4.5 Fighting
 * Level 4.5 Maces & Flails
 - Level 3.2 Armour
 - Level 4.0 Shields


You had 4 spell levels left.
You didn't know any spells.
Your spell library contained the following spells:

 Spells                   Type           Power      Damage    Failure   Level
 Ensorcelled Hibernation  Hex/Ice        0%         N/A       92%         2
 Conjure Flame            Conj/Fire      0%         6-21      99%         3
 Ignite Poison            Fire/Tmut/Pois 0%         N/A       99%         3
 Spider Form              Tmut/Pois      0%         N/A       99%         3
 Anguish                  Hex/Necr       0%         N/A       100%        4
 Corpse Rot               Necr/Pois/Air  0%         N/A       100%        4
 Dispel Undead            Necr           0%         3d6       100%        4
 Sticky Flame             Conj/Fire      0%         2d3       100%        4
 Death Channel            Necr           0%         N/A       100%        6


Dungeon Overview and Level Annotations

Branches:
Dungeon (3/15)              Sewer (visited)

Altars:
Ru

Annotations:
D:3 3 runed translucent doors, Natasha; Sekuso's ghost, amateur FoCj; Sigmund


Innate Abilities, Weirdness & Mutations

You are immune to sickness and miasma.
Your stone body is resilient. (AC +4)
You are immune to poison.
You resist negative energy. (rN+)
You are resistant to electric shocks. (rElec)
You are resistant to unholy torment.
You are immune to petrification.


Message History

There is a strange disturbance nearby!
You hear some strange, mumbled words.
You are confused.
You bump into the rock wall.
You bump into the rock wall.
Something hits you but does no damage.
You bump into the rock wall.
Something hits you.
You feel less confused.
Sigmund appears from thin air!
Reactivating autopickup.
Sigmund giggles. "Time to reap what you sow."
You feel very mighty all of a sudden.
Sigmund mumbles some strange words.
Sigmund flickers and vanishes!
Deactivating autopickup; reactivate with Ctrl-A.
You closely miss something. Something hits you.
You miss something. Something hits you but does no damage.
You closely miss something. Something hits you.
You barely miss something. Something hits you but does no damage.
You sock something!
You hear a zap.
A bolt of dispelling energy appears from out of thin air!
The bolt of dispelling energy hits you!
Your magical effects are unravelling.
You sock something!
You feel a little less mighty now. Something hits you.
* * * LOW HITPOINT WARNING * * *
You miss something. Something hits you but does no damage.
You closely miss something. Something hits you.
* * * LOW HITPOINT WARNING * * *
You hit something. You closely miss something.
You hear a zap.
A bolt of dispelling energy appears from out of thin air!
The bolt of dispelling energy misses you.
Something hits you but does no damage.
You closely miss something. You miss something.
Something hits you but does no damage.
You miss something. Something hits you!
You die...

#...#.#.#...#.#.#........
#.#......._..............
#.#.#.#.#...#.#.#.....###
#...#.#.##.##.#.#.....'..
#.###.#.......#.#.....###
#.# #.####.####.#######
#.###...........#
#.{.######.######
#.#.#..{@.....#
#.#...#######.....
#.##..# #... ..##.## ..
#.##.# #.##.# #.##.# ..#
.##


There were no monsters in sight!

Vanquished Creatures
  Pargi (Sewer)
  5 adders (D:2)
  2 dart slugs
  An orc (D:3)
  5 ball pythons
  3 endoplasms (D:1)
  2 giant cockroaches
  10 goblins
  5 hobgoblins
  2 kobolds (D:1)
  2 quokkas
  10 bats
  7 rats
55 creatures vanquished.

Notes
Turn   | Place    | Note
-------+----------+-------------------------------------------
     0 | D:1      | Ordine the Gargoyle Fighter began the quest for the Orb.
     0 | D:1      | Reached XP level 1. HP: 14/14 MP: 1/1
   107 | D:1      | You fall into a shaft and drop 1 floor!
   177 | D:2      | Reached XP level 2. HP: 16/19 MP: 2/2
   636 | D:1      | Reached XP level 3. HP: 23/23 MP: 3/3
  1285 | D:2      | Reached XP level 4. HP: 29/29 MP: 4/4
  1295 | D:2      | Found a faded altar of an unknown god.
  1832 | D:3      | Noticed Natasha
  1853 | D:3      | Found a runed translucent gate.
  1853 | D:3      | Found a runed translucent gate.
  1853 | D:3      | Found a runed translucent gate.
  1853 | D:3      | Noticed Sekuso's ghost (amateur FoCj)
  2029 | D:3      | Found a sacrificial altar of Ru.
  2132 | D:3      | Found a glowing drain.
  2140 | Sewer    | Entered a sewer
  2182 | Sewer    | Noticed Pargi
  2198 | Sewer    | Killed Pargi
  2199 | Sewer    | Reached XP level 5. HP: 24/34 MP: 2/5
  2539 | D:3      | Noticed Sigmund
  2586 | D:3      | Slain by Sigmund

Illustrated notes

Levels and vault maps discovered:
D:1:      dpeg_arrival_rooms_a, layout_loops_ring
D:2:      layout_basic, hellmonk_ecumenical_altar_leap_of_faith
D:3:      minmay_goblin_kobold_castle, layout_basic,
          nicolae_ru_sacrificial_ziggurat, portal_sewer_entry_e,
          gammafunk_ghost_split, minmay_misc_feat_tower, roderic_lattice_a,
          uniq_natasha, uniq_sigmund, uniq_grinder, uniq_ijyb,
          uniq_crazy_yiuf_cottage

Skill      XL: |  1  2  3  4 |
---------------+-------------+-----
Maces & Flails | 3 4 |  4.5
Fighting       | 4 |  4.5
Shields        | 4 |  4.0
Armour         | |  3.2

Action                   |  1- 3 |  4- 6 || total
-------------------------+-------+-------++-------
Melee: Flail             |    85 |   121 ||   206
  Use: Potion            |       |     1 ||     1
Armor: Scale mail        |    47 |   145 ||   192
Dodge: Dodged            |    34 |   142 ||   176
Block: Buckler           |    22 |    47 ||    69
